 Dungeon Crawl Stone Soup version 0.21.0-3-g78d12a8 (webtiles) character file.

3103 MDvedh the Cruncher (level 9, -5/42 HPs)
             Began as a Vine Stalker Conjurer on Jan 10, 2018.
             Was a Priest of Wu Jian.
             Slain by a two-headed ogre
             ... wielding a +0 dire flail of crushing
              (15 damage)
             ... on level 8 of the Dungeon.
             The game lasted 00:12:35 (7455 turns).

MDvedh the Cruncher (Vine Stalker Conjurer)         Turns: 7455, Time: 00:12:35

Health: -5/42      AC: 15    Str: 13    XL:     9   Next: 90%
Magic:  0/22       EV:  6    Int: 15    God:    Wu Jian [***...]
Gold:   217        SH:  0    Dex: 16    Spells: 11/12 levels left

rFire    + . .     SeeInvis .   o - +1 quarterstaff
rCold    . . .     Gourm    .   (shield currently unavailable)
rNeg     . . .     Faith    +   y - +0 chain mail {rF+}
rPois    .         Spirit   +   w - +0 helmet
rElec    .         Reflect  .   (no cloak)
rCorr    .         Harm     .   H - +1 pair of gloves
MR       +....                  K - +0 pair of boots
Stlth    ..........             D - amulet of faith
HPRegen  0.54/turn              q - +3 ring of protection
MPRegen  0.18/turn              B - ring of magical power

@: no status effects
A: fangs 3, regeneration 1, magic shield, antimagic bite, no potion heal 3, rot
immunity
a: Wall Jump, Serpent's Lash, Renounce Religion


You were on level 8 of the Dungeon.
You worshipped Wu Jian.
Wu Jian was most pleased with you.
You were not hungry.

You visited 2 branches of the dungeon, and saw 9 of its levels.
You also visited: Ossuary.

You collected 379 gold pieces.
You spent 162 gold pieces at shops.

Inventory:

Hand Weapons
 o - a +1 quarterstaff (weapon)
Armour
 w - a +0 helmet (worn)
 y - a +0 chain mail of fire resistance (worn)
 H - a +1 pair of gloves (worn)
 K - a +0 pair of boots (worn)
Jewellery
 f - an uncursed amulet of rage
 q - a +3 ring of protection (left hand)
 B - a ring of magical power (right hand)
 D - an amulet of faith (around neck)
 F - an uncursed ring of flight
Wands
 p - a wand of acid (9)
 t - a wand of disintegration (16)
 v - a wand of digging (13)
 J - a wand of random effects (25)
Scrolls
 e - 2 scrolls of identify
 g - 3 scrolls of teleportation
 m - a scroll of amnesia
 s - 3 scrolls of enchant weapon
 u - a scroll of enchant armour
 z - 4 scrolls of remove curse
 A - 2 scrolls of summoning
Potions
 a - a potion of berserk rage
 d - 2 potions of might
 h - 3 potions of brilliance
 i - 3 potions of flight
 j - 4 potions of curing
 k - a potion of haste
 l - a potion of invisibility
 n - 3 potions of magic
 r - a potion of cancellation
 x - a potion of resistance
 C - 5 potions of lignification
Books
 b - a book of Conjurations

   Spells                             Type                      Level
   a - Magic Dart                     Conjuration                  1
   b - Searing Ray                    Conjuration                  2
   c - Dazzling Spray                 Conjuration/Hexes            3
   d - Fulminant Prism                Conjuration/Hexes            4
   e - Force Lance                    Conjuration/Translocation    4
   f - Iskenderun's Mystic Blast      Conjuration                  4
Comestibles
 c - 20 rations


   Skills:
 - Level 2.1 Fighting
 * Level 11.7 Staves
 - Level 2.3 Dodging
 - Level 2.4 Stealth
 - Level 2.1 Spellcasting
 - Level 4.0 Conjurations


You had 11 spell levels left.
You knew the following spells:

 Your Spells              Type           Power        Failure   Level  Hunger
a - Magic Dart            Conj           ##..         85%         1    #......


Dungeon Overview and Level Annotations

Branches:
Dungeon (8/15)             Temple (1/1) D:6
   Lair: D:8-11

Altars:
Ashenzari
Cheibriados
Dithmenos
Elyvilon
Fedhas
Hepliaklqana
Kikubaaqudgha
Makhleb
Nemelex Xobeh
Okawaru
Qazlal
Ru
Sif Muna
Trog
Uskayaw
Vehumet
Wu Jian
Xom
Yredelemnul
Zin
The Shining One

Shops:
D:4 ?*

Annotations:
D:6 Flooderbenga's ghost, novice DDFi


Innate Abilities, Weirdness & Mutations

You have razor-sharp teeth.
Your natural rate of healing is unusually fast.
When hurt, damage is shared between your health and your magic reserves.
Your bite disrupts and absorbs the magic of your enemies.
Potions cannot restore your health.
You are immune to rotting.


Message History

The two-headed ogre is lightly wounded.
You hit the two-headed ogre. Your bite misses the two-headed ogre.
The two-headed ogre is lightly wounded.
The two-headed ogre hits you with a dire flail of crushing!
The two-headed ogre hits you with a giant spiked club!
The two-headed ogre closely misses you.
The two-headed ogre hits you with a giant spiked club.
You repeatedly attack the two-headed ogre from above.
You sock the two-headed ogre! You bite the two-headed ogre.
You drain its power.
You feel invigorated.
The two-headed ogre is moderately wounded.
You hit the two-headed ogre.
The two-headed ogre is moderately wounded.
You barely miss the two-headed ogre.
The two-headed ogre is moderately wounded.
The two-headed ogre hits you with a dire flail of crushing!
The two-headed ogre hits you with a giant spiked club!
* * * LOW HITPOINT WARNING * * *
The two-headed ogre hits you with a dire flail of crushing!!
You die...

######################
#..>..................
###..#####.....###....
#...........##...†....
###.##..####............
#...##§§#####.###.......
###.#.§@O.# ### #.....##
#...§#§.# #.....#
###..#..# #.....#
#.###.##### #.....#
#.#.#.....###.....#
##..........#.....#
##.##.##.#.#.....#
#....# ..#.....# ####.#
##.....#


You could see a two-headed ogre.

Vanquished Creatures
  Sigmund (D:3)
  A spriggan (D:7)
  Duvessa (D:7)
  2 black bears
  A sky beast (D:7)
  2 ice beasts
  2 eyes of draining (D:7)
  2 phantoms
  2 necrophages
  4 ogres
  A big kobold (D:7)
  2 gnoll sergeants
  4 bullfrogs (D:7)
  Dowan (D:7)
  A scorpion (D:7)
  A howler monkey (D:5)
  A jelly (D:5)
  2 centaur zombies (Ossuary)
  2 orc priests (D:8)
  3 hounds
  3 orc wizards (D:8)
  6 worker ants
  3 hound zombies
  2 mummies (Ossuary)
  10 gnolls
  6 adders
  3 oozes
  An adder zombie (Ossuary)
  A worm (D:2)
  A dart slug (D:2)
  4 leopard geckos
  16 orcs
  A ball python (D:3)
  6 giant cockroaches
  2 goblins
  10 hobgoblins
  3 jackals (D:6)
  2 kobolds (D:3)
  A quokka (D:6)
  4 bats
  3 frilled lizards
  A goblin zombie (Ossuary)
  7 hobgoblin zombies (Ossuary)
  6 jackal zombies
  12 kobold zombies (Ossuary)
  7 orc zombies (Ossuary)
  A quokka skeleton (D:5)
  2 rats
  2 rat zombies (Ossuary)
162 creatures vanquished.

Notes
Turn   | Place    | Note
-------+----------+-------------------------------------------
     0 | D:1      | MDvedh the Vine Stalker Conjurer began the quest for the Orb.
     0 | D:1      | Reached XP level 1. HP: 9/9 MP: 4/4
   389 | D:1      | Reached skill level 1 in Fighting
   553 | D:1      | Reached XP level 2. HP: 14/14 MP: 6/6
  1464 | D:2      | Reached XP level 3. HP: 18/18 MP: 7/7
  1667 | D:3      | Reached skill level 1 in Staves
  1777 | D:3      | Gained mutation: Your natural rate of healing is unusually fast. [Vine Stalker growth]
  1777 | D:3      | Reached XP level 4. HP: 16/23 MP: 8/8
  2061 | D:3      | Reached skill level 2 in Staves
  2247 | D:3      | Noticed Sigmund
  2273 | D:3      | Killed Sigmund
  2273 | D:3      | Reached skill level 4 in Staves
  2273 | D:3      | Reached XP level 5. HP: 7/26 MP: 3/9
  2273 | D:3      | Reached XP level 6. HP: 8/30 MP: 3/10
  2312 | D:3      | Found an ancient bone altar of Kikubaaqudgha.
  2845 | D:4      | Found Jouwiuts's Assorted Antiques.
  2854 | D:4      | Bought a scroll labeled WIGUJO QETEIWK for 28 gold pieces
  2854 | D:4      | Bought a red potion for 25 gold pieces
  2862 | D:4      | Bought a bubbling white potion for 25 gold pieces
  3040 | D:4      | Found Qier Exi's Magic Scroll Emporium.
  3053 | D:4      | Bought a scroll of identify for 28 gold pieces
  3053 | D:4      | Bought a scroll of identify for 28 gold pieces
  3053 | D:4      | Bought a scroll of identify for 28 gold pieces
  3612 | D:5      | Entered Level 5 of the Dungeon
  3792 | D:5      | Noticed an ice beast
  3827 | D:5      | Killed an ice beast
  3827 | D:5      | Reached skill level 5 in Staves
  3827 | D:5      | Reached XP level 7. HP: 27/35 MP: 6/11
  4232 | D:5      | Found a deep blue altar of Sif Muna.
  4233 | D:5      | Found a hide-covered altar of Uskayaw.
  4363 | D:5      | Reached skill level 6 in Staves
  4965 | D:6      | Reached skill level 7 in Staves
  4968 | D:6      | Noticed Flooderbenga's ghost (novice DDFi)
  5304 | D:6      | Found a staircase to the Ecumenical Temple.
  5416 | Temple   | Entered the Ecumenical Temple
  5600 | Temple   | Became a worshipper of the Wu Jian Council
  5722 | D:7      | Gained mutation: You have razor-sharp teeth. [Vine Stalker growth]
  5722 | D:7      | Reached XP level 8. HP: 36/39 MP: 10/12
  5812 | D:7      | Noticed Duvessa
  5825 | D:7      | Noticed Dowan
  5833 | D:7      | Killed Duvessa
  5941 | D:7      | Reached skill level 8 in Staves
  6057 | D:7      | Noticed a spriggan baker
  6069 | D:7      | Killed a spriggan baker
  6069 | D:7      | Reached skill level 9 in Staves
  6202 | D:7      | Found a bloodstained altar of Trog.
  6230 | D:7      | Reached XP level 9. HP: 34/42 MP: 2/13
  6242 | D:7      | Reached skill level 10 in Staves
  6431 | D:7      | Reached * piety under Wu Jian
  6439 | D:7      | Killed Dowan
  6912 | D:8      | Found a sand-covered staircase.
  6937 | Ossuary  | Entered an ossuary
  7009 | Ossuary  | Reached skill level 11 in Staves
  7019 | Ossuary  | Reached ** piety under Wu Jian
  7231 | D:8      | Found an iron altar of Okawaru.
  7306 | D:8      | Reached *** piety under Wu Jian
  7415 | D:8      | Noticed a two-headed ogre
  7455 | D:8      | Slain by a two-headed ogre

Skill      XL: |  1  2  3  4  5  6  7  8  9 |
---------------+----------------------------+-----
Fighting       | 1 2 |  2.1
Dodging        | 2 |  2.3
Staves         | 1 4 5 7 9 11 | 11.7
Stealth        | |  2.4
Spellcasting   | |  2.1
Conjurations   | |  4.0

Action                   |  1- 3 |  4- 6 |  7- 9 || total
-------------------------+-------+-------+-------++-------
Melee: Club              |    35 |       |       ||    35
       Quarterstaff      |    38 |   115 |   565 ||   718
       Bite              |    14 |    29 |   139 ||   182
 Cast: Magic Dart        |    11 |       |       ||    11
Invok: Lunge             |       |       |    19 ||    19
       Wall Jump         |       |       |     9 ||     9
       Whirlwind         |       |       |     1 ||     1
 Abil: Evoke Berserk Rag |       |     1 |       ||     1
  Use: Scroll            |       |    11 |    18 ||    29
       Potion            |       |       |     3 ||     3
 Stab: Sleeping          |     2 |       |       ||     2
  Eat: Chunk             |     3 |     4 |    10 ||    17
       Ration            |       |     1 |     1 ||     2
Armor: Robe              |    11 |       |       ||    11
       Scale mail        |    20 |    24 |       ||    44
       Chain mail        |       |    34 |   280 ||   314
Dodge: Dodged            |    47 |    38 |   142 ||   227
